PCL
SALT LAKE BEES @ EL PASO CHIHUAHUAS
05/04/2099
 
TOP OF THE 1ST
Salt Lake Bees batting - Pitching for El Paso Chihuahuas : RHP David Cruz
Pitching: RHP David Cruz
Batting: LHB Justin Manns 0-0: Ball
1-0: Ball
2-0: Ball
3-0: Called Strike
3-1: SINGLE (Line Drive, 78S, EV 91.9 MPH)
Batting: LHB Bobby Errington 0-0: Swinging Strike
0-1: Called Strike
0-2: Ball
1-2: Ball
2-2: Ball
3-2: Foul Ball, location: 25F
Pickoff Play to 1st, Runner tries for 2nd, OUT after rundown.
3-2: Fly out, F7 (Flyball, 78S, EV 85.0 MPH)
Batting: RHB Clark Beach 0-0: Called Strike
0-1: Ball
1-1: Ball
2-1: Foul Ball, location: 23F
2-2: Strikes out looking
Top of the 1st over - 0 runs, 1 hit, 0 errors, 0 left on base; Salt Lake 0 - El Paso 0
BOTTOM OF THE 1ST
El Paso Chihuahuas batting - Pitching for Salt Lake Bees : RHP Yuan Wang
Pitching: RHP Yuan Wang
Batting: LHB Michael Jensen 0-0: Called Strike
0-1: Ground out 6-3 (Groundball, 6M, EV 81.3 MPH)
Batting: RHB Pat Holland 0-0: Fly out, F6 (Popup, 6MD, EV 57.5 MPH)
Batting: LHB Manuel Trevino 0-0: Ball
1-0: Fly out, F8 (Flyball, 8RXD, EV 83.1 MPH)
Bottom of the 1st over - 0 runs, 0 hits, 0 errors, 0 left on base; Salt Lake 0 - El Paso 0
TOP OF THE 2ND
Salt Lake Bees batting - Pitching for El Paso Chihuahuas : RHP David Cruz
Batting: LHB Matt Davis 0-0: Ball
1-0: Called Strike
1-1: Ball
2-1: Ball
3-1: Ground out 6-3 (Groundball, 6, EV 89.4 MPH)
Batting: LHB Roger Adkins 0-0: Ball
1-0: Ball
2-0: Ground out U3 (Groundball, 3, EV 85.0 MPH)
Batting: RHB Jon Fuentes 0-0: Foul Ball, location: 2F
0-1: Called Strike
0-2: Foul Ball, location: 2F
0-2: Fly out, F9 (Flyball, 9, EV 86.9 MPH)
Top of the 2nd over - 0 runs, 0 hits, 0 errors, 0 left on base; Salt Lake 0 - El Paso 0
BOTTOM OF THE 2ND
El Paso Chihuahuas batting - Pitching for Salt Lake Bees : RHP Yuan Wang
Batting: LHB Emilio Gonzales 0-0: Called Strike
0-1: Ball
1-1: Foul Ball, location: 7LSF
1-2: Fly out, F9 (Line Drive, 9S, EV 93.1 MPH)
Batting: RHB Jonathan Troncoso 0-0: Called Strike
0-1: Ball
1-1: Ball
2-1: Ground out U3 (Groundball, 34S, EV 84.4 MPH)
Batting: LHB Wulf Hoogesteger 0-0: SINGLE (Line Drive, 34, EV 98.1 MPH)
Batting: RHB Luis Vazquez 0-0: SINGLE (Groundball, 34, EV 84.4 MPH)
Wulf Hoogesteger to second
Runner from 2nd tries for 3rd, SAFE, no throw by RF
Batting: RHB Chris Ell 0-0: Called Strike
0-1: Ball
1-1: Fly out, F8 (Flyball, 89S, EV 91.9 MPH)
Bottom of the 2nd over - 0 runs, 2 hits, 0 errors, 2 left on base; Salt Lake 0 - El Paso 0
TOP OF THE 3RD
Salt Lake Bees batting - Pitching for El Paso Chihuahuas : RHP David Cruz
Batting: LHB Ricky Sisneros 0-0: Called Strike
0-1: Ball
1-1: Foul Ball, location: 2F
1-2: Ball
2-2: Foul Ball, location: 3F
2-2: SINGLE (Line Drive, 6D, EV 101.3 MPH)
Batting: LHB Ryan Mascolino 0-0: Sac Bunt to 2L - play at first, batter OUT! 2-3
Ricky Sisneros to second
Batting: RHB Dan Bouldin 0-0: Ball
1-0: Ground out 6-3 (Groundball, 6, EV 93.8 MPH)
Batting: LHB Justin Manns 0-0: Called Strike
0-1: Foul Ball, location: 2F
0-2: Foul Ball, location: 2F
0-2: Foul Ball, location: 9LSF
0-2: Foul Ball, location: 2F
0-2: Strikes out swinging
Top of the 3rd over - 0 runs, 1 hit, 0 errors, 1 left on base; Salt Lake 0 - El Paso 0
BOTTOM OF THE 3RD
El Paso Chihuahuas batting - Pitching for Salt Lake Bees : RHP Yuan Wang
Batting: SHB Brice White 0-0: Swinging Strike
0-1: Ball
1-1: Ball
2-1: Called Strike
2-2: Strikes out looking
Batting: LHB Michael Jensen 0-0: Ball
1-0: Foul Ball, location: 25FF
1-1: Ball
2-1: Foul Ball, location: 7LMF
2-2: Ball
3-2: Foul Ball, location: 9LMF
3-2: Foul Ball, location: 5F
3-2: Foul Ball, location: 7LMF
3-2: Ground out 6-3 (Groundball, 6M, EV 106.3 MPH)
Batting: RHB Pat Holland 0-0: Called Strike
0-1: Ball
1-1: Foul Ball, location: 2F
1-2: Strikes out swinging
Bottom of the 3rd over - 0 runs, 0 hits, 0 errors, 0 left on base; Salt Lake 0 - El Paso 0
TOP OF THE 4TH
Salt Lake Bees batting - Pitching for El Paso Chihuahuas : RHP David Cruz
Pitching: RHP Pablo Romero
Batting: LHB Bobby Errington 0-0: Fly out, F8 (Flyball, 8LM, EV 95.0 MPH)
Batting: RHB Clark Beach 0-0: Called Strike
0-1: Swinging Strike
0-2: Ball
1-2: Strikes out swinging
Batting: LHB Matt Davis 0-0: Ball
1-0: Ground out 5-3 (Groundball, 5, EV 85.6 MPH)
Top of the 4th over - 0 runs, 0 hits, 0 errors, 0 left on base; Salt Lake 0 - El Paso 0
BOTTOM OF THE 4TH
El Paso Chihuahuas batting - Pitching for Salt Lake Bees : RHP Yuan Wang
Batting: LHB Manuel Trevino 0-0: Called Strike
0-1: Swinging Strike
0-2: Ground out 4-3 (Groundball, 4, EV 102.5 MPH)
Batting: LHB Emilio Gonzales 0-0: Fly out, F7 (Flyball, 78S, EV 98.8 MPH)
Batting: RHB Jonathan Troncoso 0-0: Fly out, F9 (Flyball, 9LS, EV 88.1 MPH)
Bottom of the 4th over - 0 runs, 0 hits, 0 errors, 0 left on base; Salt Lake 0 - El Paso 0
TOP OF THE 5TH
Salt Lake Bees batting - Pitching for El Paso Chihuahuas : RHP Pablo Romero
Batting: LHB Roger Adkins 0-0: Ball
1-0: Ball
2-0: Ball
3-0: Base on Balls
Batting: RHB Jon Fuentes 0-0: Ball
1-0: Called Strike
1-1: Fly out, F2 (Popup, 25F, EV 83.1 MPH)
Batting: LHB Ricky Sisneros 0-0: Fly out, F9 (Flyball, 89S, EV 83.1 MPH)
Batting: LHB Ryan Mascolino 0-0: Ball
1-0: Swinging Strike
1-1: Foul Ball, location: 25F
1-2: Strikes out looking
Top of the 5th over - 0 runs, 0 hits, 0 errors, 1 left on base; Salt Lake 0 - El Paso 0
BOTTOM OF THE 5TH
El Paso Chihuahuas batting - Pitching for Salt Lake Bees : RHP Yuan Wang
Batting: LHB Wulf Hoogesteger 0-0: Ball
1-0: Fly out, F7 (Flyball, 78M, EV 76.9 MPH)
Batting: RHB Luis Vazquez 0-0: Ball
1-0: Foul Ball, location: 9LSF
1-1: Fly out, F8 (Line Drive, 8RM, EV 91.3 MPH)
Batting: RHB Chris Ell 0-0: Swinging Strike
0-1: Foul Ball, location: 9LDF
0-2: Foul Ball, location: 5SF
0-2: Ball
1-2: Foul Ball, location: 25F
1-2: Ball
2-2: SINGLE (Groundball, 4MD, EV 95.6 MPH)
Batting: SHB Brice White 0-0: Ball
Chris Ell is caught stealing 2nd base 2-6
Bottom of the 5th over - 0 runs, 1 hit, 0 errors, 0 left on base; Salt Lake 0 - El Paso 0
TOP OF THE 6TH
Salt Lake Bees batting - Pitching for El Paso Chihuahuas : RHP Pablo Romero
Pinch Hitting: LHB Ramon Bermudez 0-0: Called Strike
0-1: Foul Ball, location: 9LSF
0-2: Ball
1-2: Foul Ball, location: 2F
1-2: Ball
2-2: Foul Ball, location: 2F
2-2: Foul Ball, location: 2F
2-2: Fly out, F7 (Flyball, 7, EV 85.6 MPH)
Batting: LHB Justin Manns 0-0: Foul Ball, location: 2F
0-1: Ball
1-1: Foul Ball, location: 2F
1-2: Foul Ball, location: 2F
1-2: Ball
2-2: Foul Ball, location: 3SF
2-2: Fly out, F8 (Line Drive, 8LD, EV 90.0 MPH)
Batting: LHB Bobby Errington 0-0: Ball
1-0: Ball
2-0: Called Strike
2-1: Fly out, F7 (Flyball, 7LM, EV 86.3 MPH)
Top of the 6th over - 0 runs, 0 hits, 0 errors, 0 left on base; Salt Lake 0 - El Paso 0
BOTTOM OF THE 6TH
El Paso Chihuahuas batting - Pitching for Salt Lake Bees : RHP Yuan Wang
Now at SS: Ramon Bermudez
Batting: SHB Brice White 0-0: Ball
1-0: Ground out 4-3 (Groundball, 4, EV 106.3 MPH)
Batting: LHB Michael Jensen 0-0: Ball
1-0: Fly out, F7 (Flyball, 7LM, EV 92.5 MPH)
Batting: RHB Pat Holland 0-0: Foul Ball, location: 23F
0-1: Foul Ball, location: 2F
0-2: DOUBLE (Line Drive, 78D, EV 103.8 MPH)
Batting: LHB Manuel Trevino 0-0: Ball
1-0: Called Strike
1-1: Foul Ball, location: 2F
1-2: Ball
2-2: Foul Ball, location: 2F
2-2: Strikes out swinging
Bottom of the 6th over - 0 runs, 1 hit, 0 errors, 1 left on base; Salt Lake 0 - El Paso 0
TOP OF THE 7TH
Salt Lake Bees batting - Pitching for El Paso Chihuahuas : RHP Pablo Romero
Pitching: RHP Daniel Beaudry
Batting: RHB Clark Beach 0-0: Ball
1-0: Ground out 6-3 (Groundball, 6, EV 90.0 MPH)
Batting: LHB Matt Davis 0-0: Ball
1-0: SINGLE (Groundball, 56, EV 108.8 MPH)
Batting: LHB Roger Adkins 0-0: Ball
1-0: Ball
2-0: SINGLE (Popup, 4MD, EV 68.8 MPH)
Matt Davis to second
Pinch Hitting: LHB Danny Tijerina 0-0: Ball
1-0: Ground out 6-3 (Groundball, 6MS, EV 91.3 MPH)
Matt Davis to third
Roger Adkins to second
Batting: LHB Ricky Sisneros 0-0: Intentional Walk
Batting: LHB Ryan Mascolino 0-0: Ball
1-0: Swinging Strike
1-1: GRAND SLAM HOME RUN (Line Drive, 9D, EV 94.4 MPH), Distance : 378 ft
Pitching: RHP Pat Kirkland
Batting: LHB Ramon Bermudez 0-0: Ball
1-0: Foul Ball, location: 5FF
1-1: Fly out, F7 (Flyball, 7, EV 91.3 MPH)
Top of the 7th over - 4 runs, 3 hits, 0 errors, 0 left on base; Salt Lake 4 - El Paso 0
BOTTOM OF THE 7TH
El Paso Chihuahuas batting - Pitching for Salt Lake Bees : RHP Yuan Wang
Now at 3B: Ramon Bermudez
Now at SS: Adam Scott
Batting: LHB Emilio Gonzales 0-0: Ball
1-0: Ball
2-0: Ball
3-0: Called Strike
3-1: Swinging Strike
3-2: Strikes out swinging
Pinch Hitting: LHB Takechi Nozawa 0-0: Called Strike
0-1: Foul Ball, location: 5DF
0-2: Ball
1-2: DOUBLE (Line Drive, 7LM, EV 105.0 MPH)
Batting: LHB Wulf Hoogesteger 0-0: Ball
1-0: Swinging Strike
1-1: Called Strike
1-2: Ball
2-2: Ball
3-2: Base on Balls
Pinch Hitting: LHB Victor Carrillo 0-0: Ball
1-0: Foul Ball, location: 2F
1-1: Called Strike
1-2: Fielders Choice at 2nd, 5-4 (Groundball, 5, EV 86.9 MPH)
Takechi Nozawa to third
Pinch Hitting: RHB Jeremy Hammonds 0-0: Called Strike
0-1: Ball
1-1: Ball
2-1: Ball
3-1: Foul Ball, location: 9LDF
3-2: Base on Balls
Victor Carrillo to second
Batting: SHB Brice White 0-0: Foul Ball, location: 2F
0-1: Ground out 4-3 (Groundball, 4, EV 89.4 MPH)
Bottom of the 7th over - 0 runs, 1 hit, 0 errors, 3 left on base; Salt Lake 4 - El Paso 0
TOP OF THE 8TH
Salt Lake Bees batting - Pitching for El Paso Chihuahuas : RHP Pat Kirkland
Now at 2B: Jeremy Hammonds
Now at 3B: Wulf Hoogesteger
Now at SS: Takechi Nozawa
Now in CF: Victor Carrillo
Batting: LHB Justin Manns 0-0: Called Strike
0-1: Ground out 1-3 (Groundball, 13S, EV 74.4 MPH)
Batting: LHB Bobby Errington 0-0: DOUBLE (Line Drive, 78D, EV 99.4 MPH)
Batting: RHB Clark Beach 0-0: Foul Ball, location: 23F
0-1: Ball
1-1: Ball
2-1: Ball
3-1: Base on Balls
Batting: LHB Matt Davis 0-0: Fly out, F8 (Flyball, 89D, EV 91.3 MPH)
Runner from 2nd tags up, SAFE at 3rd, no throw by CF
Batting: LHB Roger Adkins 0-0: Called Strike
0-1: Swinging Strike
0-2: Ball
1-2: Strikes out looking
Top of the 8th over - 0 runs, 1 hit, 0 errors, 2 left on base; Salt Lake 4 - El Paso 0
BOTTOM OF THE 8TH
El Paso Chihuahuas batting - Pitching for Salt Lake Bees : RHP Yuan Wang
Batting: LHB Michael Jensen 0-0: DOUBLE (Groundball, 3L, EV 103.1 MPH)
Batting: RHB Pat Holland 0-0: Called Strike
0-1: Ball
1-1: Foul Ball, location: 2F
1-2: SINGLE (Line Drive, 8RS, EV 99.4 MPH)
Michael Jensen to third
Batting: LHB Manuel Trevino 0-0: Ball
1-0: SINGLE (Line Drive, 8RS, EV 102.5 MPH)
Michael Jensen scores
Pat Holland to second
Batting: LHB Emilio Gonzales 0-0: Foul Ball, location: 23FF
0-1: Ball
1-1: Fly out, F4 (Popup, 4D, EV 46.9 MPH)
Batting: LHB Takechi Nozawa 0-0: Ball
1-0: Fly out, F8 (Line Drive, 8RM, EV 101.3 MPH)
Pinch Hitting: SHB Oscar Torres 0-0: Called Strike
0-1: Ball
1-1: Swinging Strike
1-2: Ball
2-2: Ball
3-2: Fly out, F8 (Flyball, 89D, EV 92.5 MPH)
Bottom of the 8th over - 1 run, 3 hits, 0 errors, 2 left on base; Salt Lake 4 - El Paso 1
TOP OF THE 9TH
Salt Lake Bees batting - Pitching for El Paso Chihuahuas : RHP Pat Kirkland
Now at 3B: Andy Burke
Batting: RHB Adam Scott 0-0: Called Strike
0-1: Foul Ball, location: 7LDF
0-2: Ball
1-2: Strikes out swinging
Batting: LHB Ricky Sisneros 0-0: Swinging Strike
0-1: Foul Ball, location: 2F
0-2: Ball
1-2: Foul Ball, location: 3DF
1-2: Strikes out swinging
Batting: LHB Ryan Mascolino 0-0: Swinging Strike
0-1: Ball
1-1: Ball
2-1: Swinging Strike
2-2: Strikes out swinging
Top of the 9th over - 0 runs, 0 hits, 0 errors, 0 left on base; Salt Lake 4 - El Paso 1
BOTTOM OF THE 9TH
El Paso Chihuahuas batting - Pitching for Salt Lake Bees : RHP Yuan Wang
Now at 1B: Josh Alderete
Now in LF: Justin Manns
Now in RF: T.J. Holder
Batting: LHB Victor Carrillo 0-0: Ball
1-0: Ball
2-0: Called Strike
2-1: SOLO HOME RUN (Line Drive, 9D, EV 98.8 MPH), Distance : 379 ft
Pitching: RHP Josh Reed
Batting: RHB Jeremy Hammonds 0-0: Called Strike
0-1: Ball
1-1: Swinging Strike
1-2: Ground out 5-3 (Groundball, 56S, EV 93.8 MPH)
Pinch Hitting: RHB Alex Razo 0-0: Ball
1-0: Fly out, F6 (Popup, 6MS, EV 76.9 MPH)
Batting: LHB Michael Jensen 0-0: Called Strike
0-1: SINGLE (Line Drive, 89S, EV 88.1 MPH)
Batting: RHB Pat Holland 0-0: Ball
1-0: Swinging Strike
1-1: Fielders Choice at 2nd, 6-4 (Groundball, 6D, EV 104.4 MPH)
Bottom of the 9th over - 1 run, 2 hits, 0 errors, 1 left on base; Salt Lake 4 - El Paso 2
Sunday, May 5th , 2024 - OOTP Baseball 24.11 Build 85